[ PARTIDA AOE2 · #477603061 ]
Team RMLituanos vs Magyars
[ ANÁLISIS DE REPETICIÓN · EXTRAÍDO DE LA PARTIDA GRABADA ]
Feudal
9:16
Castillos
16:46
Imperial
—
| APM promedio | 37.6 |
| APM pico | 84 |
| eAPM promedio | 14.8 |
| Aldeanos / militares | 81 / 20 |
Foco
⚔️ 20.4% · 🌾 79.6%
Knight ×9 · Battering Ram ×5 · Monk ×3 · Mangonel ×2 · Scout Cavalry ×1
Feudal
9:03
Castillos
22:11
Imperial
—
| APM promedio | 47.0 |
| APM pico | 86 |
| eAPM promedio | 15.2 |
| Aldeanos / militares | 75 / 45 |
Foco
⚔️ 24.3% · 🌾 75.7%
Cavalry Archer ×23 · Battering Ram ×7 · Scout Cavalry ×6 · Spearman ×5 · Knight ×2 · Monk ×2
Feudal
9:48
Castillos
19:37
Imperial
—
| APM promedio | 25.1 |
| APM pico | 96 |
| eAPM promedio | 10.8 |
| Aldeanos / militares | 60 / 31 |
Foco
⚔️ 30.2% · 🌾 69.8%
Spearman ×16 · Konnik ×15
Feudal
10:14
Castillos
25:54
Imperial
—
| APM promedio | 13.4 |
| APM pico | 29 |
| eAPM promedio | 6.6 |
| Aldeanos / militares | 36 / 19 |
Foco
⚔️ 27.4% · 🌾 72.6%
Spearman ×11 · Skirmisher ×5 · Archer ×3
Mapa de la partida
Recursos al inicio + cada clic de construcción. Línea gruesa = muro · recuadro discontinuo = muro de casas detectado. 🟡 oro · ⚪ piedra · 🟢 bayas · 🔶 jabalí · ⭕ reliquia
Inputs por minuto
— Nerdyx - - EZEKIEL_2517
Build order — Nerdyx
Primeras 150 de 190 acciones detectadas
| 0:01 | Crear | Villager (Male) |
| 0:01 | Crear | Villager (Male) |
| 0:02 | Construir | House |
| 0:03 | Construir | House |
| 0:21 | Crear | Villager (Male) |
| 0:53 | Crear | Villager (Male) |
| 0:53 | Crear | Villager (Male) |
| 1:13 | Crear | Villager (Male) |
| 1:28 | Crear | Villager (Male) |
| 1:47 | Construir | Lumber Camp |
| 2:41 | Crear | Villager (Male) |
| 2:58 | Crear | Villager (Male) |
| 3:19 | Crear | Villager (Male) |
| 3:19 | Crear | Villager (Male) |
| 3:38 | Crear | Villager (Male) |
| 3:48 | Construir | House |
| 4:07 | Crear | Villager (Male) |
| 4:17 | Construir | House |
| 4:38 | Construir | Mill |
| 4:45 | Crear | Villager (Male) |
| 5:13 | Crear | Villager (Male) |
| 5:48 | Crear | Villager (Male) |
| 5:54 | Construir | Mining Camp |
| 6:08 | Crear | Villager (Male) |
| 6:36 | Investigar | Loom |
| 6:56 | Investigar | Feudal Age |
| 7:50 | Crear | Villager (Male) |
| 8:23 | Construir | House |
| 8:34 | Crear | Villager (Male) |
| 8:57 | Construir | House |
| 9:04 | Construir | House |
| 9:09 | Crear | Villager (Male) |
| 9:16 | Edad | Edad Feudal |
| 9:16 | Investigar | Double-Bit Axe |
| 9:36 | Crear | Villager (Male) |
| 9:52 | Crear | Villager (Male) |
| 9:57 | Construir | Stone Wall |
| 10:09 | Construir | Stone Wall |
| 10:31 | Construir | Stone Wall |
| 10:33 | Crear | Villager (Male) |
| 10:43 | Construir | Market |
| 10:45 | Crear | Villager (Male) |
| 10:57 | Crear | Villager (Male) |
| 12:05 | Construir | Farm |
| 12:06 | Construir | Farm |
| 12:08 | Construir | Farm |
| 12:09 | Construir | Farm |
| 12:10 | Construir | Farm |
| 12:14 | Crear | Villager (Male) |
| 12:28 | Construir | House |
| 12:49 | Crear | Villager (Male) |
| 12:54 | Construir | Blacksmith |
| 13:24 | Construir | Barracks |
| 13:26 | Crear | Villager (Male) |
| 13:31 | Construir | Farm |
| 13:55 | Construir | House |
| 13:58 | Construir | House |
| 14:06 | Investigar | Castle Age |
| 14:24 | Construir | Stable |
| 14:49 | Investigar | Horse Collar |
| 14:55 | Construir | House |
| 14:58 | Construir | House |
| 15:06 | Construir | Farm |
| 15:10 | Construir | House |
| 15:12 | Construir | House |
| 15:21 | Crear | Scout Cavalry |
| 15:33 | Construir | Building 490 |
| 15:34 | Crear | Villager (Male) |
| 15:53 | Construir | Building 796 |
| 16:03 | Construir | Palisade Gate |
| 16:13 | Construir | House |
| 16:40 | Investigar | Wheelbarrow |
| 16:46 | Edad | Edad de los Castillos |
| 16:51 | Construir | Palisade Wall |
| 16:59 | Crear | Knight |
| 17:02 | Construir | Mining Camp |
| 17:23 | Construir | House |
| 17:27 | Construir | Stone Wall |
| 17:31 | Construir | House |
| 17:53 | Construir | Town Center |
| 18:07 | Crear | Villager (Male) |
| 18:15 | Construir | House |
| 18:26 | Crear | Villager (Male) |
| 18:33 | Construir | House |
| 18:59 | Construir | Building 490 |
| 19:07 | Crear | Villager (Male) |
| 19:10 | Construir | Farm |
| 19:18 | Investigar | Bow Saw |
| 19:20 | Construir | House |
| 19:29 | Crear | Knight |
| 19:38 | Crear | Villager (Male) |
| 19:44 | Construir | House |
| 20:01 | Crear | Villager (Male) |
| 20:02 | Crear | Villager (Male) |
| 20:06 | Crear | Villager (Male) |
| 20:06 | Crear | Villager (Male) |
| 20:10 | Construir | Stone Wall |
| 20:11 | Construir | Stone Wall |
| 20:28 | Crear | Villager (Male) |
| 20:35 | Construir | Farm |
| 20:37 | Construir | Farm |
| 20:54 | Construir | Monastery |
| 21:04 | Crear | Villager (Male) |
| 21:04 | Crear | Villager (Male) |
| 21:09 | Construir | Farm |
| 21:33 | Crear | Monk |
| 21:37 | Construir | Siege Workshop |
| 21:45 | Investigar | Scale Barding Armor |
| 21:54 | Crear | Villager (Male) |
| 21:59 | Construir | Farm |
| 22:08 | Construir | Farm |
| 22:12 | Construir | Farm |
| 22:14 | Crear | Villager (Male) |
| 22:14 | Crear | Villager (Male) |
| 22:28 | Crear | Villager (Male) |
| 22:34 | Crear | Monk |
| 22:52 | Crear | Mangonel |
| 23:07 | Crear | Villager (Male) |
| 23:07 | Crear | Villager (Male) |
| 23:18 | Investigar | Fervor |
| 23:25 | Crear | Mangonel |
| 23:27 | Crear | Villager (Male) |
| 23:27 | Crear | Villager (Male) |
| 23:48 | Crear | Villager (Male) |
| 23:48 | Crear | Villager (Male) |
| 23:59 | Construir | Town Center |
| 24:02 | Crear | Villager (Male) |
| 24:05 | Crear | Villager (Male) |
| 24:05 | Crear | Villager (Male) |
| 24:11 | Crear | Knight |
| 24:30 | Crear | Battering Ram |
| 24:43 | Crear | Villager (Male) |
| 24:43 | Crear | Villager (Male) |
| 25:24 | Crear | Battering Ram |
| 25:27 | Crear | Monk |
| 25:35 | Crear | Villager (Male) |
| 25:35 | Crear | Villager (Male) |
| 26:12 | Crear | Knight |
| 26:33 | Construir | Stable |
| 26:46 | Construir | Farm |
| 26:48 | Construir | Farm |
| 26:49 | Construir | Farm |
| 26:52 | Construir | Farm |
| 26:53 | Construir | Farm |
| 26:54 | Construir | Farm |
| 26:57 | Crear | Villager (Male) |
| 26:57 | Crear | Villager (Male) |
| 27:01 | Crear | Villager (Male) |
| 27:16 | Crear | Battering Ram |
| 27:24 | Investigar | Husbandry |
Build order — EZEKIEL_2517
Primeras 150 de 208 acciones detectadas
| 0:00 | Crear | Villager (Male) |
| 0:01 | Crear | Villager (Male) |
| 0:01 | Crear | Villager (Male) |
| 0:01 | Crear | Villager (Male) |
| 0:03 | Construir | House |
| 0:04 | Construir | House |
| 1:31 | Crear | Villager (Male) |
| 1:59 | Crear | Villager (Male) |
| 2:35 | Crear | Villager (Male) |
| 2:36 | Crear | Villager (Male) |
| 3:07 | Crear | Villager (Male) |
| 3:31 | Construir | Lumber Camp |
| 3:53 | Crear | Villager (Male) |
| 3:53 | Crear | Villager (Male) |
| 3:54 | Crear | Villager (Male) |
| 3:54 | Crear | Villager (Male) |
| 3:54 | Crear | Villager (Male) |
| 4:17 | Construir | House |
| 4:48 | Crear | Villager (Male) |
| 5:09 | Crear | Villager (Male) |
| 5:14 | Crear | Villager (Male) |
| 6:10 | Investigar | Loom |
| 6:24 | Construir | Mill |
| 6:53 | Investigar | Feudal Age |
| 7:22 | Construir | Lumber Camp |
| 7:53 | Construir | House |
| 8:50 | Construir | Barracks |
| 9:03 | Edad | Edad Feudal |
| 9:07 | Crear | Villager (Male) |
| 9:07 | Crear | Villager (Male) |
| 9:09 | Investigar | Double-Bit Axe |
| 9:46 | Construir | Stable |
| 9:47 | Crear | Villager (Male) |
| 9:52 | Construir | House |
| 10:16 | Crear | Villager (Male) |
| 10:28 | Crear | Scout Cavalry |
| 10:29 | Crear | Scout Cavalry |
| 10:29 | Crear | Scout Cavalry |
| 10:29 | Crear | Scout Cavalry |
| 10:30 | Crear | Scout Cavalry |
| 10:36 | Construir | House |
| 10:40 | Construir | Palisade Wall |
| 10:46 | Crear | Villager (Male) |
| 10:51 | Construir | House |
| 10:58 | Construir | House |
| 11:11 | Construir | Blacksmith |
| 11:19 | Construir | Mining Camp |
| 12:06 | Crear | Villager (Male) |
| 12:07 | Crear | Villager (Male) |
| 12:10 | Construir | Farm |
| 12:11 | Construir | Farm |
| 12:13 | Crear | Scout Cavalry |
| 13:17 | Crear | Villager (Male) |
| 13:18 | Crear | Villager (Male) |
| 13:18 | Crear | Villager (Male) |
| 13:19 | Construir | Farm |
| 13:20 | Construir | Farm |
| 13:20 | Construir | Farm |
| 13:20 | Construir | Farm |
| 13:21 | Construir | Farm |
| 13:22 | Crear | Villager (Male) |
| 14:04 | Investigar | Scale Barding Armor |
| 14:20 | Construir | Farm |
| 14:20 | Construir | Farm |
| 14:20 | Construir | Farm |
| 14:21 | Construir | Farm |
| 14:21 | Construir | Farm |
| 14:21 | Construir | Farm |
| 14:36 | Crear | Villager (Male) |
| 15:06 | Construir | House |
| 15:07 | Construir | House |
| 15:18 | Crear | Villager (Male) |
| 15:28 | Construir | Market |
| 15:52 | Crear | Villager (Male) |
| 15:52 | Crear | Villager (Male) |
| 16:37 | Investigar | Bloodlines |
| 16:43 | Crear | Villager (Male) |
| 16:44 | Crear | Villager (Male) |
| 16:45 | Construir | Farm |
| 16:46 | Construir | Farm |
| 16:46 | Construir | Farm |
| 16:46 | Construir | Farm |
| 16:46 | Construir | Farm |
| 17:24 | Crear | Villager (Male) |
| 17:24 | Crear | Villager (Male) |
| 17:24 | Crear | Villager (Male) |
| 17:28 | Construir | Palisade Wall |
| 17:29 | Construir | Building 804 |
| 18:08 | Crear | Villager (Male) |
| 18:08 | Crear | Villager (Male) |
| 18:12 | Construir | Farm |
| 18:13 | Construir | Farm |
| 18:17 | Construir | House |
| 18:48 | Construir | Farm |
| 19:31 | Investigar | Castle Age |
| 19:35 | Construir | Archery Range |
| 20:30 | Construir | Archery Range |
| 20:35 | Construir | House |
| 20:36 | Construir | House |
| 20:38 | Investigar | Fletching |
| 21:23 | Construir | Archery Range |
| 22:06 | Investigar | Padded Archer Armor |
| 22:11 | Edad | Edad de los Castillos |
| 22:14 | Crear | Villager (Male) |
| 22:14 | Crear | Villager (Male) |
| 22:14 | Crear | Villager (Male) |
| 22:18 | Investigar | Bow Saw |
| 22:19 | Investigar | Bodkin Arrow |
| 22:24 | Construir | House |
| 22:39 | Crear | Cavalry Archer |
| 22:39 | Crear | Cavalry Archer |
| 22:40 | Crear | Cavalry Archer |
| 22:40 | Crear | Cavalry Archer |
| 22:40 | Crear | Cavalry Archer |
| 22:52 | Crear | Villager (Male) |
| 23:01 | Crear | Cavalry Archer |
| 23:01 | Crear | Cavalry Archer |
| 23:01 | Crear | Cavalry Archer |
| 23:01 | Crear | Cavalry Archer |
| 23:46 | Crear | Cavalry Archer |
| 23:46 | Crear | Cavalry Archer |
| 23:48 | Crear | Villager (Male) |
| 23:48 | Crear | Villager (Male) |
| 23:49 | Crear | Villager (Male) |
| 23:49 | Crear | Villager (Male) |
| 24:01 | Construir | University |
| 24:33 | Crear | Cavalry Archer |
| 24:33 | Crear | Cavalry Archer |
| 24:46 | Construir | Town Center |
| 24:50 | Crear | Villager (Male) |
| 24:52 | Crear | Cavalry Archer |
| 25:07 | Crear | Villager (Male) |
| 25:07 | Crear | Villager (Male) |
| 25:08 | Crear | Villager (Male) |
| 25:08 | Crear | Villager (Male) |
| 25:13 | Construir | Town Center |
| 25:52 | Crear | Cavalry Archer |
| 25:52 | Crear | Cavalry Archer |
| 25:56 | Crear | Villager (Male) |
| 25:56 | Crear | Villager (Male) |
| 26:18 | Crear | Cavalry Archer |
| 26:18 | Crear | Cavalry Archer |
| 26:20 | Crear | Villager (Male) |
| 26:21 | Crear | Villager (Male) |
| 26:27 | Construir | Farm |
| 26:28 | Construir | Farm |
| 26:28 | Construir | Farm |
| 26:29 | Construir | Farm |
| 26:33 | Crear | Villager (Male) |
| 26:56 | Construir | Monastery |
Build order — gdanelutti87
Primeras 150 de 176 acciones detectadas
| 0:03 | Construir | House |
| 0:04 | Crear | Villager (Male) |
| 0:07 | Construir | House |
| 0:21 | Crear | Villager (Male) |
| 0:21 | Crear | Villager (Male) |
| 0:22 | Crear | Villager (Male) |
| 1:35 | Crear | Villager (Male) |
| 2:01 | Crear | Villager (Male) |
| 2:14 | Construir | Lumber Camp |
| 2:16 | Crear | Villager (Male) |
| 2:36 | Crear | Villager (Male) |
| 3:27 | Crear | Villager (Male) |
| 3:35 | Crear | Villager (Male) |
| 3:43 | Construir | House |
| 4:12 | Crear | Villager (Male) |
| 4:41 | Crear | Villager (Male) |
| 4:51 | Crear | Villager (Male) |
| 4:56 | Crear | Villager (Male) |
| 5:14 | Investigar | Loom |
| 5:19 | Construir | House |
| 5:27 | Construir | Palisade Wall |
| 5:31 | Crear | Villager (Male) |
| 5:54 | Crear | Villager (Male) |
| 6:40 | Construir | Mill |
| 6:43 | Crear | Villager (Male) |
| 7:38 | Investigar | Feudal Age |
| 7:38 | Investigar | Feudal Age |
| 9:02 | Crear | Villager (Male) |
| 9:06 | Construir | Mining Camp |
| 9:11 | Construir | Farm |
| 9:14 | Construir | Farm |
| 9:27 | Construir | Palisade Wall |
| 9:38 | Crear | Villager (Male) |
| 9:48 | Edad | Edad Feudal |
| 9:51 | Construir | House |
| 9:54 | Crear | Villager (Male) |
| 9:58 | Investigar | Double-Bit Axe |
| 10:28 | Crear | Villager (Male) |
| 10:34 | Construir | Mining Camp |
| 11:17 | Crear | Villager (Male) |
| 11:22 | Crear | Villager (Male) |
| 11:32 | Construir | Market |
| 12:15 | Construir | Palisade Wall |
| 12:16 | Construir | Palisade Wall |
| 12:20 | Construir | Palisade Wall |
| 12:23 | Construir | Palisade Wall |
| 12:29 | Construir | Barracks |
| 12:30 | Crear | Villager (Male) |
| 12:31 | Crear | Villager (Male) |
| 12:45 | Construir | Palisade Wall |
| 12:48 | Construir | Palisade Wall |
| 12:50 | Construir | Palisade Wall |
| 12:51 | Construir | Palisade Wall |
| 12:52 | Construir | Palisade Wall |
| 13:25 | Construir | Farm |
| 13:28 | Crear | Spearman |
| 13:28 | Crear | Spearman |
| 13:28 | Crear | Spearman |
| 13:29 | Crear | Spearman |
| 14:00 | Crear | Spearman |
| 14:01 | Crear | Spearman |
| 14:22 | Construir | Farm |
| 14:24 | Construir | Farm |
| 14:28 | Construir | House |
| 15:00 | Construir | Blacksmith |
| 15:10 | Construir | Farm |
| 15:19 | Crear | Villager (Male) |
| 15:30 | Crear | Villager (Male) |
| 15:33 | Crear | Spearman |
| 15:48 | Construir | House |
| 16:05 | Crear | Villager (Male) |
| 16:17 | Construir | House |
| 16:25 | Construir | Palisade Wall |
| 16:32 | Construir | House |
| 16:57 | Investigar | Castle Age |
| 17:18 | Crear | Spearman |
| 17:42 | Construir | Palisade Wall |
| 17:51 | Crear | Spearman |
| 17:55 | Crear | Spearman |
| 18:18 | Crear | Spearman |
| 18:31 | Crear | Villager (Male) |
| 18:50 | Construir | Farm |
| 18:52 | Construir | Farm |
| 19:01 | Construir | Farm |
| 19:06 | Construir | Farm |
| 19:08 | Investigar | Horse Collar |
| 19:25 | Crear | Spearman |
| 19:25 | Crear | Spearman |
| 19:34 | Construir | House |
| 19:37 | Construir | House |
| 19:37 | Edad | Edad de los Castillos |
| 19:41 | Crear | Villager (Male) |
| 19:41 | Crear | Villager (Male) |
| 20:38 | Construir | House |
| 20:41 | Construir | House |
| 20:44 | Crear | Villager (Male) |
| 21:16 | Construir | Castle |
| 21:19 | Crear | Villager (Male) |
| 21:20 | Crear | Villager (Male) |
| 21:26 | Investigar | Bow Saw |
| 21:35 | Crear | Villager (Male) |
| 21:46 | Construir | Mill |
| 21:48 | Construir | Farm |
| 21:50 | Construir | Farm |
| 21:52 | Crear | Villager (Male) |
| 22:06 | Construir | Stable |
| 22:21 | Construir | Farm |
| 22:23 | Crear | Villager (Male) |
| 23:05 | Investigar | Pikeman (upgrade) |
| 23:36 | Construir | Stone Wall |
| 23:42 | Construir | Farm |
| 23:44 | Construir | Farm |
| 23:47 | Investigar | Husbandry |
| 23:49 | Crear | Konnik |
| 24:02 | Construir | Farm |
| 24:03 | Construir | Farm |
| 24:04 | Construir | Farm |
| 24:08 | Construir | Farm |
| 24:09 | Construir | Farm |
| 24:24 | Construir | Farm |
| 24:29 | Investigar | Squires |
| 24:49 | Construir | Palisade Wall |
| 25:01 | Crear | Villager (Male) |
| 25:02 | Crear | Villager (Male) |
| 25:28 | Construir | Town Center |
| 25:35 | Crear | Konnik |
| 25:36 | Crear | Konnik |
| 25:41 | Investigar | Forging |
| 25:56 | Construir | Farm |
| 25:58 | Crear | Villager (Male) |
| 25:59 | Crear | Villager (Male) |
| 26:03 | Crear | Villager (Male) |
| 26:10 | Crear | Konnik |
| 26:24 | Crear | Villager (Male) |
| 26:37 | Crear | Villager (Male) |
| 26:54 | Investigar | Heavy Plow |
| 26:57 | Crear | Villager (Male) |
| 27:03 | Crear | Konnik |
| 27:58 | Investigar | Scale Barding Armor |
| 28:01 | Crear | Villager (Male) |
| 28:07 | Construir | Farm |
| 28:08 | Construir | Farm |
| 28:09 | Construir | Farm |
| 28:13 | Construir | Farm |
| 28:17 | Crear | Villager (Male) |
| 28:18 | Crear | Villager (Male) |
| 28:18 | Crear | Villager (Male) |
| 28:19 | Crear | Villager (Male) |
| 28:20 | Crear | Villager (Male) |
| 28:21 | Crear | Villager (Male) |
Build order — Fisherman
119 acciones detectadas en el replay
| 0:06 | Construir | House |
| 0:09 | Construir | House |
| 0:10 | Crear | Villager (Male) |
| 0:10 | Crear | Villager (Male) |
| 0:10 | Crear | Villager (Male) |
| 0:10 | Crear | Villager (Male) |
| 1:42 | Crear | Villager (Male) |
| 2:14 | Crear | Villager (Male) |
| 2:50 | Construir | Mill |
| 2:58 | Crear | Villager (Male) |
| 3:01 | Investigar | Loom |
| 3:02 | Crear | Villager (Male) |
| 3:04 | Crear | Villager (Male) |
| 3:44 | Crear | Villager (Male) |
| 4:18 | Crear | Villager (Male) |
| 4:32 | Construir | House |
| 4:58 | Crear | Villager (Male) |
| 4:58 | Crear | Villager (Male) |
| 5:03 | Crear | Villager (Male) |
| 7:30 | Construir | Lumber Camp |
| 8:04 | Investigar | Feudal Age |
| 8:39 | Construir | House |
| 8:43 | Construir | House |
| 10:00 | Crear | Villager (Male) |
| 10:00 | Crear | Villager (Male) |
| 10:01 | Crear | Villager (Male) |
| 10:02 | Crear | Villager (Male) |
| 10:14 | Edad | Edad Feudal |
| 10:18 | Construir | Barracks |
| 11:09 | Construir | Watch Tower |
| 11:14 | Crear | Spearman |
| 11:15 | Crear | Spearman |
| 11:58 | Construir | Farm |
| 11:59 | Construir | Farm |
| 12:30 | Construir | Stone Wall |
| 12:50 | Construir | Stone Wall |
| 13:05 | Crear | Villager (Male) |
| 13:05 | Crear | Villager (Male) |
| 13:05 | Crear | Villager (Male) |
| 13:05 | Crear | Villager (Male) |
| 13:06 | Crear | Villager (Male) |
| 13:13 | Construir | Farm |
| 13:15 | Construir | Farm |
| 13:16 | Construir | Farm |
| 13:18 | Construir | Farm |
| 13:20 | Construir | Farm |
| 13:36 | Construir | Mining Camp |
| 15:02 | Construir | Stone Wall |
| 15:09 | Construir | Stone Wall |
| 15:17 | Crear | Villager (Male) |
| 15:18 | Crear | Villager (Male) |
| 15:18 | Crear | Villager (Male) |
| 15:18 | Crear | Villager (Male) |
| 15:47 | Construir | Stone Wall |
| 16:01 | Construir | House |
| 16:32 | Construir | Stone Wall |
| 16:35 | Construir | Stone Wall |
| 16:48 | Construir | Stone Wall |
| 16:55 | Crear | Villager (Male) |
| 16:56 | Crear | Villager (Male) |
| 17:43 | Construir | Mining Camp |
| 17:55 | Construir | Farm |
| 17:56 | Construir | Farm |
| 17:56 | Construir | Farm |
| 17:58 | Construir | Farm |
| 17:58 | Construir | Farm |
| 17:59 | Construir | Farm |
| 17:59 | Construir | Farm |
| 18:00 | Construir | Farm |
| 18:00 | Construir | Farm |
| 18:01 | Construir | Farm |
| 18:01 | Construir | Farm |
| 18:02 | Construir | Farm |
| 18:07 | Crear | Villager (Male) |
| 18:07 | Crear | Villager (Male) |
| 18:08 | Crear | Villager (Male) |
| 18:08 | Crear | Villager (Male) |
| 18:43 | Construir | Stone Wall |
| 18:57 | Construir | House |
| 19:00 | Construir | House |
| 19:01 | Construir | House |
| 19:16 | Investigar | Wheelbarrow |
| 19:37 | Crear | Villager (Male) |
| 19:37 | Crear | Villager (Male) |
| 19:38 | Crear | Villager (Male) |
| 20:00 | Construir | Archery Range |
| 20:28 | Construir | Stone Wall |
| 20:55 | Construir | Building 490 |
| 21:11 | Construir | Blacksmith |
| 22:07 | Construir | Watch Tower |
| 23:06 | Construir | Farm |
| 23:14 | Investigar | Castle Age |
| 23:46 | Crear | Archer |
| 23:47 | Crear | Archer |
| 23:47 | Crear | Archer |
| 23:55 | Investigar | Fletching |
| 24:17 | Construir | Watch Tower |
| 24:54 | Investigar | Double-Bit Axe |
| 25:22 | Construir | Watch Tower |
| 25:41 | Crear | Skirmisher |
| 25:41 | Crear | Skirmisher |
| 25:42 | Crear | Skirmisher |
| 25:42 | Crear | Skirmisher |
| 25:43 | Crear | Skirmisher |
| 25:54 | Edad | Edad de los Castillos |
| 26:14 | Construir | Farm |
| 26:14 | Construir | Farm |
| 26:38 | Investigar | Pikeman (upgrade) |
| 26:41 | Crear | Spearman |
| 26:41 | Crear | Spearman |
| 26:41 | Crear | Spearman |
| 26:50 | Construir | Farm |
| 28:37 | Construir | Barracks |
| 29:22 | Crear | Spearman |
| 29:23 | Crear | Spearman |
| 29:23 | Crear | Spearman |
| 29:23 | Crear | Spearman |
| 29:24 | Crear | Spearman |
| 29:24 | Crear | Spearman |
Cronología de la partida
| 5:27 | gdanelutti87 · wall_segment Palisade Wall x1 |
| 8:50 | EZEKIEL_2517 · first_building Barracks |
| 9:03 | EZEKIEL_2517 · age_up feudal |
| 9:16 | Nerdyx · age_up feudal |
| 9:27 | gdanelutti87 · wall_segment Palisade Wall x13 |
| 9:46 | EZEKIEL_2517 · first_building Stable |
| 9:48 | gdanelutti87 · age_up feudal |
| 9:57 | Nerdyx · wall_segment Stone Wall x1 |
| 10:09 | Nerdyx · wall_segment Stone Wall x7 |
| 10:14 | Fisherman · age_up feudal |
| 10:18 | Fisherman · first_building Barracks |
| 10:31 | Nerdyx · wall_segment Stone Wall x14 |
| 10:40 | EZEKIEL_2517 · wall_segment Palisade Wall x7 |
| 12:15 | gdanelutti87 · wall_segment Palisade Wall x1 |
| 12:16 | gdanelutti87 · wall_segment Palisade Wall x1 |
| 12:20 | gdanelutti87 · wall_segment Palisade Wall x4 |
| 12:23 | gdanelutti87 · wall_segment Palisade Wall x4 |
| 12:29 | gdanelutti87 · first_building Barracks |
| 12:30 | Fisherman · wall_segment Stone Wall x10 |
| 12:45 | gdanelutti87 · wall_segment Palisade Wall x1 |
| 12:48 | gdanelutti87 · wall_segment Palisade Wall x1 |
| 12:50 | gdanelutti87 · wall_segment Palisade Wall x1 |
| 12:50 | Fisherman · wall_segment Stone Wall x20 |
| 12:51 | gdanelutti87 · wall_segment Palisade Wall x1 |
| 12:52 | gdanelutti87 · wall_segment Palisade Wall x1 |
| 13:24 | Nerdyx · first_building Barracks |
| 14:06 | Nerdyx · first_market_buy 100 food |
| 14:24 | Nerdyx · first_building Stable |
| 15:02 | Fisherman · wall_segment Stone Wall x4 |
| 15:09 | Fisherman · wall_segment Stone Wall x21 |
| 15:47 | Fisherman · wall_segment Stone Wall x19 |
| 15:58 | gdanelutti87 · first_market_buy 100 food |
| 16:02 | gdanelutti87 · first_market_sell 100 stone |
| 16:25 | gdanelutti87 · wall_segment Palisade Wall x1 |
| 16:32 | Fisherman · wall_segment Stone Wall x13 |
| 16:35 | Fisherman · wall_segment Stone Wall x1 |
| 16:46 | Nerdyx · age_up castle |
| 16:48 | Fisherman · wall_segment Stone Wall x1 |
| 16:51 | Nerdyx · wall_segment Palisade Wall x1 |
| 17:27 | Nerdyx · wall_segment Stone Wall x1 |
| 17:28 | EZEKIEL_2517 · wall_segment Palisade Wall x8 |
| 17:42 | gdanelutti87 · wall_segment Palisade Wall x9 |
| 18:43 | Fisherman · wall_segment Stone Wall x12 |
| 18:58 | EZEKIEL_2517 · first_market_buy 100 food |
| 19:01 | EZEKIEL_2517 · first_market_sell 500 wood |
| 19:35 | EZEKIEL_2517 · first_building Archery Range |
| 19:37 | gdanelutti87 · age_up castle |
| 20:00 | Fisherman · first_building Archery Range |
| 20:10 | Nerdyx · wall_segment Stone Wall x1 |
| 20:11 | Nerdyx · wall_segment Stone Wall x1 |
| 20:28 | Fisherman · wall_segment Stone Wall x18 |
| 20:54 | Nerdyx · first_building Monastery |
| 21:16 | gdanelutti87 · first_building Castle |
| 21:37 | Nerdyx · first_building Siege Workshop |
| 22:06 | gdanelutti87 · first_building Stable |
| 22:11 | EZEKIEL_2517 · age_up castle |
| 23:36 | gdanelutti87 · wall_segment Stone Wall x1 |
| 24:49 | gdanelutti87 · wall_segment Palisade Wall x1 |
| 25:54 | Fisherman · age_up castle |
| 26:56 | EZEKIEL_2517 · first_building Monastery |
| 28:22 | EZEKIEL_2517 · first_building Siege Workshop |
| 28:26 | Nerdyx · first_building Castle |
| 32:58 | Nerdyx · first_building Archery Range |
| 33:11 | EZEKIEL_2517 · resign |
[ ANÁLISIS IA · 1 CRÉDITO ]
¿Qué pasó realmente en esta partida?
Wolo.gg analiza cada decisión: build order, eco, micro, errores típicos por bracket. Análisis personalizado por WhatsApp o Discord en 30 segundos.
Guía civ
Lituanos
Guía mapa
Fortified Clearing
Perfil
Nerdyx